Cogmind - Beta 12 @@@ ROGUE MODE // 2023.04.12 @ 08:38:03 Player: Mr Goldstein Result: Destroyed by H-66 Slayer with Gauss Rifle Performance ------------- Evolutions (4) 2000 Regions Visited (7) 1400 Robots Destroyed (0) 0 Value Destroyed (10) 10 Prototype IDs (0) 0 Alien Tech Used (0) 0 Bonus (1858) 1858 TOTAL SCORE: 5268 Bonus ------- Pacifist 1325 Follower Combat Kills 33 Entered DSFs 500 Cogmind --------- Core Integrity 0/850 Matter 237/300 Energy 98/100 System Corruption 4% Temperature Cool (0) Movement Core (50) Location -6/Factory Parts ------- > --- POWER (1) -------- (None) > --- PROPULSION (2) --- (None) > --- UTILITY (10) ----- (None) > --- WEAPON (2) ------- (None) > --- INVENTORY (5) ---- Ion Engine Ion Engine Improved VTOL Module Nuclear Pulse Thruster Great Axe Peak State ------------ > --- POWER ------------ (None) > --- PROPULSION ------- (None) > --- UTILITY ---------- Improved Signal Interpreter > --- WEAPON ----------- (None) > --- INVENTORY -------- Ion Engine Ion Engine Improved VTOL Module Great Axe Great Axe [Rating: 4] Favorites ----------- Power None Propulsion None Utility Improved Signal Interpreter Processor Improved Signal Interpreter Weapon None Build | -11 -10 -9 -9 -8 -7 -7 -6 ------- Run | Jun Mat Mat Min Mat Fac DSF Fac Slots Evolved 8 | . . 2 . 2 2 . 2 Power . | . . . . . . . . Propulsion . | . . . . . . . . Utility 8 | . . 2 . 2 2 . 2 Weapon . | . . . . . . . . Parts Attached 1 | . . . . . 1 . . Power . | . . . . . . . . Engine . | . . . . . . . . Core . | . . . . . . . . Reactor . | . . . . . . . . Propulsion . | . . . . . . . . Treads . | . . . . . . . . Leg . | . . . . . . . . Wheel . | . . . . . . . . Hover . | . . . . . . . . Flight . | . . . . . . . . Utility 1 | . . . . . 1 . . Device . | . . . . . . . . Storage . | . . . . . . . . Processor 1 | . . . . . 1 . . Hackware . | . . . . . . . . Protection . | . . . . . . . . Artifact . | . . . . . . . . Weapon . | . . . . . . . . Energy Gun . | . . . . . . . . Energy Cannon . | . . . . . . . . Ballistic Gun . | . . . . . . . . Ballistic Cannon . | . . . . . . . . Launcher . | . . . . . . . . Special Weapon . | . . . . . . . . Impact Weapon . | . . . . . . . . Slashing Weapon . | . . . . . . . . Piercing Weapon . | . . . . . . . . Special Melee Weapon . | . . . . . . . . Unidentified Prototypes . | . . . . . . . . Parts Lost . | . . . . . . . . Power . | . . . . . . . . Propulsion . | . . . . . . . . Utility . | . . . . . . . . Weapon . | . . . . . . . . Highest Loss Streak . | . . . . . . . . To Critical Strikes . | . . . . . . . . Average Slot Usage (%) . | . . . . . 7 7 . Naked Turns 342 | . 55 45 61 77 8 . 96 Heaviest Build . | . . . . . . . . Greatest Support 3 | 3 3 3 3 3 3 3 3 Greatest Overweight (x) . | . . . . . . . . Average Overweight (x) . | . . . . . . . . Largest Inventory Capacity 5 | 5 5 5 5 5 5 5 5 Average Capacity 5 | 5 5 5 5 5 5 5 5 Most Carried 5 | 2 2 2 2 4 5 5 5 Average Carried 3 | 1 2 2 2 2 4 5 4 Final Capacity 5 | 5 5 5 5 5 5 5 5 Final Carried 5 | 2 2 2 2 4 5 5 5 Class Distribution -------------------- 100% | Mutant Dominant Class ---------------- Mutant | -10/Materials Mutant | -9/Materials Mutant | -9/Mines Mutant | -8/Materials Mutant | -7/Factory Mutant | -7/DSF Mutant | -6/Factory Resources | -11 -10 -9 -9 -8 -7 -7 -6 ----------- Run | Jun Mat Mat Min Mat Fac DSF Fac Matter Collected 79 | 36 14 . 29 . . . . Remotely . | . . . . . . . . Salvage Created . | . . . . . . . . Parts . | . . . . . . . . Haulers Intercepted . | . . . . . . . . Recyclers Shooed . | . . . . . . . . Parts Field Recycled . | . . . . . . . . Retrieved Matter . | . . . . . . . . Parts Self-Destructed . | . . . . . . . . Prevented . | . . . . . . . . Kills | -11 -10 -9 -9 -8 -7 -7 -6 ------- Run | Jun Mat Mat Min Mat Fac DSF Fac Combat Hostiles Destroyed . | . . . . . . . . Classes Destroyed . | . . . . . . . . Best Kill Streak . | . . . . . . . . Combat Bots Only . | . . . . . . . . Max Kills in Single Turn . | . . . . . . . . Gunslinging . | . . . . . . . . Exploded . | . . . . . . . . Melee . | . . . . . . . . Uniques/NPCs Destroyed . | . . . . . . . . Combat | -11 -10 -9 -9 -8 -7 -7 -6 -------- Run | Jun Mat Mat Min Mat Fac DSF Fac Damage Taken 2041 | . 140 31 351 446 58 159 856 Core 2041 | . 140 31 351 446 58 159 856 Absorbed by Shields 46 | . . . . . . . 46 Core Remaining (%) 47 | 100 44 . 4 18 . 69 . Volleys Fired . | . . . . . . . . Largest . | . . . . . . . . Hottest . | . . . . . . . . Shots Fired . | . . . . . . . . Gun . | . . . . . . . . Cannon . | . . . . . . . . Launcher . | . . . . . . . . Special . | . . . . . . . . Kinetic . | . . . . . . . . Thermal . | . . . . . . . . Explosive . | . . . . . . . . Electromagnetic . | . . . . . . . . Robot Hit Streak . | . . . . . . . . Robot Miss Streak . | . . . . . . . . Penetration Max . | . . . . . . . . Secondary Targets . | . . . . . . . . Shots Hit Robots . | . . . . . . . . Core Hits 4 | . . . 1 . . . 3 Critical Kills . | . . . . . . . . Critical Parts Destroyed . | . . . . . . . . Critical Strikes . | . . . . . . . . Melee Attacks . | . . . . . . . . Impact . | . . . . . . . . Slashing . | . . . . . . . . Piercing . | . . . . . . . . Sneak Attacks . | . . . . . . . . Combat Hostiles . | . . . . . . . . Follow-up Attacks . | . . . . . . . . Damage Inflicted 79 | . . 4 33 7 . . 35 Guns . | . . . . . . . . Cannons . | . . . . . . . . Explosions . | . . . . . . . . Melee . | . . . . . . . . Ramming 79 | . . 4 33 7 . . 35 Kinetic . | . . . . . . . . Thermal . | . . . . . . . . Explosive . | . . . . . . . . Electromagnetic . | . . . . . . . . Impact . | . . . . . . . . Slashing . | . . . . . . . . Piercing . | . . . . . . . . Highest Corruption 4 | . . . . . . . 4 Average Corruption 2 | . . . . . . . 2 Corruption Purged . | . . . . . . . . Corruption Blocked . | . . . . . . . . Effects 1 | . . . . . . . 1 Heat Flow Errors 1 | . . . . . . . 1 Overload Shots . | . . . . . . . . Overflow Damage . | . . . . . . . . Projectiles . | . . . . . . . . Explosions . | . . . . . . . . Melee . | . . . . . . . . Knockbacks 1 | . . . . 1 . . . Impact 1 | . . . . 1 . . . Kinetic . | . . . . . . . . Secondary . | . . . . . . . . Self-Inflicted Damage 36 | . . 1 16 3 . . 16 Shots . | . . . . . . . . Rammed 20 | . 1 2 6 3 . . 8 Targets Rammed 20 | . 1 2 6 3 . . 8 Kicked . | . . . . . . . . Crushed . | . . . . . . . . Highest Temperature 143 | . . . . 14 . . 143 Average Temperature 53 | . . . . 8 . . 87 Received Heat Transfer 426 | . 78 . . 270 . . 78 Siege Activations . | . . . . . . . . Robots Corrupted . | . . . . . . . . Combat Hostiles . | . . . . . . . . Parts Fried . | . . . . . . . . Impact Corruptions . | . . . . . . . . Robots Melted . | . . . . . . . . Combat Hostiles . | . . . . . . . . Parts Melted . | . . . . . . . . Heat Transferred . | . . . . . . . . Parts Sabotaged . | . . . . . . . . Parts Stolen . | . . . . . . . . Parts Stripped . | . . . . . . . . Power Chain Reactions . | . . . . . . . . Missiles Intercepted . | . . . . . . . . Alert | -11 -10 -9 -9 -8 -7 -7 -6 ------- Run | Jun Mat Mat Min Mat Fac DSF Fac Peak Influence 151 | . 15 20 37 111 47 32 151 Initial 47 | . . 5 7 14 47 32 16 Average 36 | . 9 11 20 65 47 32 52 Maximum Alert Level . | . . . . . . . . Low Security (%) 100 | 100 100 100 100 100 100 100 100 Level 1 . | . . . . . . . . Level 2 . | . . . . . . . . Level 3 . | . . . . . . . . Level 4 . | . . . . . . . . Level 5 . | . . . . . . . . High Security . | . . . . . . . . Max Security . | . . . . . . . . Squads Dispatched 7 | . 1 2 1 1 . 1 1 Investigation 2 | . 1 1 . . . . . Extermination . | . . . . . . . . Reinforcement 4 | . . 1 . 1 . 1 1 Assault 1 | . . . 1 . . . . Garrison . | . . . . . . . . Intercept . | . . . . . . . . Searches Triggered . | . . . . . . . . Construction Impeded . | . . . . . . . . Haulers Reinforced . | . . . . . . . . Active Scanning Responses . | . . . . . . . . Cargo Convoy Interrupts . | . . . . . . . . Stealth | -11 -10 -9 -9 -8 -7 -7 -6 --------- Run | Jun Mat Mat Min Mat Fac DSF Fac Distress Signals 4 | . 1 . . 2 . . 1 Communications Jammed . | . . . . . . . . Distress Signals . | . . . . . . . . Times Spotted 50 | . 6 1 9 12 1 5 16 Peak Tracking Total 12 | . 7 2 8 11 1 5 12 Tactical Retreats 4 | . . . 1 1 . . 2 Traps | -11 -10 -9 -9 -8 -7 -7 -6 ------- Run | Jun Mat Mat Min Mat Fac DSF Fac Traps Triggered 3 | . . 1 . . . . 2 Indirectly . | . . . . . . . . Trap Hack Attempts . | . . . . . . . . Triggered . | . . . . . . . . Disarmed . | . . . . . . . . Reprogrammed . | . . . . . . . . Reused . | . . . . . . . . Traps Extracted . | . . . . . . . . Installed . | . . . . . . . . Triggered . | . . . . . . . . Machines | -11 -10 -9 -9 -8 -7 -7 -6 ---------- Run | Jun Mat Mat Min Mat Fac DSF Fac Machines Disabled 1 | . . . . 1 . . . Max in Single Turn . | . . . . . . . . Machines Repaired . | . . . . . . . . Machines Sabotaged . | . . . . . . . . Overloaded Fab Kills . | . . . . . . . . Hacking | -11 -10 -9 -9 -8 -7 -7 -6 --------- Run | Jun Mat Mat Min Mat Fac DSF Fac Machines Accessed 4 | . 1 2 . . 1 . . Terminals 4 | . 1 2 . . 1 . . Fabricators . | . . . . . . . . Repair Stations . | . . . . . . . . Recycling Units . | . . . . . . . . Scanalyzers . | . . . . . . . . Garrison Access . | . . . . . . . . Total Hacks 7 | . 3 3 . . 1 . . Successful 2 | . . 1 . . 1 . . Failed 5 | . 3 2 . . . . . Catastrophic 2 | . 1 1 . . . . . Database Lockouts . | . . . . . . . . Manual 6 | . 3 3 . . . . . Terminals 7 | . 3 3 . . 1 . . Fabricators . | . . . . . . . . Repair Stations . | . . . . . . . . Recycling Units . | . . . . . . . . Scanalyzers . | . . . . . . . . Garrison Access . | . . . . . . . . Terminal Hacks 2 | . . 1 . . 1 . . Open DSF 1 | . . . . . 1 . . Zone Layout 1 | . . 1 . . . . . Fabricator Hacks . | . . . . . . . . Repair Station Hacks . | . . . . . . . . Recycling Unit Hacks . | . . . . . . . . Scanalyzer . | . . . . . . . . Garrison Access Hacks . | . . . . . . . . Unauthorized Hacks . | . . . . . . . . Terminals . | . . . . . . . . Fabricators . | . . . . . . . . Repair Stations . | . . . . . . . . Recycling Units . | . . . . . . . . Scanalyzers . | . . . . . . . . Garrison Access . | . . . . . . . . Data Cores Recovered . | . . . . . . . . Used . | . . . . . . . . Hacking Detections 2 | . 1 1 . . . . . Full Trace Events 2 | . 1 1 . . . . . Feedback Events . | . . . . . . . . Feedback Blocked . | . . . . . . . . Robot Schematics Acquired . | . . . . . . . . Robots Built . | . . . . . . . . Authchips . | . . . . . . . . Time . | . . . . . . . . Total Robot Build Rating . | . . . . . . . . Part Schematics Acquired . | . . . . . . . . Parts Built . | . . . . . . . . Authchips . | . . . . . . . . Time . | . . . . . . . . Total Part Build Rating . | . . . . . . . . Parts Repaired . | . . . . . . . . Time . | . . . . . . . . Parts Recycled . | . . . . . . . . Recycled Matter . | . . . . . . . . Retrieved Matter . | . . . . . . . . Retrieved Components . | . . . . . . . . Parts Scanalyzed . | . . . . . . . . Part Schematics Acquired . | . . . . . . . . Parts Damaged . | . . . . . . . . Bothacking | -11 -10 -9 -9 -8 -7 -7 -6 ------------ Run | Jun Mat Mat Min Mat Fac DSF Fac Used RIF Installer . | . . . . . . . . Robots Hacked . | . . . . . . . . Non-combat . | . . . . . . . . Combat . | . . . . . . . . Robot Hacks Applied . | . . . . . . . . Relay Couplers Released . | . . . . . . . . Fabnet Peak Effective % . | . . . . . . . . Robots Rewired . | . . . . . . . . Allies Hacked . | . . . . . . . . Hacks Repelled . | . . . . . . . . Allies | -11 -10 -9 -9 -8 -7 -7 -6 -------- Run | Jun Mat Mat Min Mat Fac DSF Fac Total Allies 1 | . . . 1 . . . . Largest Group 1 | . . . . 1 . . . Highest-Rated Group 31 | . . . . 31 . . . Highest-Rated Ally 31 | . . . . 31 . . . Total Orders . | . . . . . . . . Ally Attacks 9 | . . . . 9 . . . Total Damage 126 | . . . . 126 . . . Kills 2 | . . . . 2 . . . Allies Corrupted . | . . . . . . . . Allies Melted . | . . . . . . . . Intel | -11 -10 -9 -9 -8 -7 -7 -6 ------- Run | Jun Mat Mat Min Mat Fac DSF Fac Robot Analysis Total . | . . . . . . . . Derelict Logs Recovered . | . . . . . . . . Drone Launches . | . . . . . . . . Drone Recoveries . | . . . . . . . . Exploration | -11 -10 -9 -9 -8 -7 -7 -6 ------------- Run | Jun Mat Mat Min Mat Fac DSF Fac Turns Passed 388 | 12 55 45 61 77 27 15 96 Spaces Moved 702 | 20 107 86 110 144 48 30 157 Core 702 | 20 107 86 110 144 48 30 157 Treads . | . . . . . . . . Legs . | . . . . . . . . Wheels . | . . . . . . . . Hover . | . . . . . . . . Flight . | . . . . . . . . Fastest Speed 50 | 50 50 50 50 50 50 50 50 Average Speed 50 | 50 50 50 50 50 50 50 50 Slowest Speed 50 | 50 50 50 50 50 50 50 50 Overloaded Moves . | . . . . . . . . Propulsion Burnouts . | . . . . . . . . Robots Hopped . | . . . . . . . . Cave-ins Triggered . | . . . . . . . . Exploration Rate (%) 17 | 3 37 13 27 16 2 35 9 Regions Visited 7 Branch Regions 1 Pre-discovered Areas 1 | . . . 1 . . . . Known Exits Taken 1 | . . . . . 1 . . Unknown Exits Taken 5 | 1 1 1 1 1 . . . Scrap Searched 1 | . . . 1 . . . . Spaces Dug . | . . . . . . . . Terrain Destroyed . | . . . . . . . . Melee . | . . . . . . . . Projectile . | . . . . . . . . AOE . | . . . . . . . . Terrain Rammed . | . . . . . . . . Walls Destroyed . | . . . . . . . . Machines Disabled . | . . . . . . . . Actions | -11 -10 -9 -9 -8 -7 -7 -6 --------- Run | Jun Mat Mat Min Mat Fac DSF Fac Total 731 | 21 107 87 115 148 49 29 175 Wait . | . . . . . . . . Move 695 | 19 106 85 109 143 47 29 157 Hop . | . . . . . . . . Pick Up 6 | 2 . . . 2 1 . 1 Fast Attach 1 | . . . . . 1 . . Attach . | . . . . . . . . Detach . | . . . . . . . . Swap . | . . . . . . . . Drop 1 | . . . . . . . 1 Fire . | . . . . . . . . Melee . | . . . . . . . . Ram 20 | . 1 2 6 3 . . 8 Kick . | . . . . . . . . Crush . | . . . . . . . . Escape Stasis 8 | . . . . . . . 8 Rewire . | . . . . . . . . Trap . | . . . . . . . . Miscellaneous . | . . . . . . . . Route ------- -11/Junkyard -10/Materials (discovered 2 exits: *Mat / [*Min]) -9/Materials -9/Mines -8/Materials -7/Factory -7/DSF -6/Factory History --------- Turn | Location | Event 5 | -11/Junkyard | Discovered new exit (range 16) 13 | -11/Junkyard | Entered Materials 43 | -10/Materials | Discovered new exit (range 8) 51 | -10/Materials | Core integrity fell below 50% 63 | -10/Materials | Discovered new exit (range 10) 68 | -10/Materials | Entered another Materials area 68 | -9/Materials | Evolved 2 slots: Utility x2 105 | -9/Materials | Discovered new exit (range 16) 113 | -9/Materials | Entered Mines 147 | -9/Mines | Learned location of Storage (-7) 160 | -9/Mines | Core integrity fell below 50% 163 | -9/Mines | Core integrity fell below 20% 169 | -9/Mines | Discovered new exit (range 11) 170 | -9/Mines | Met a Derelict testing a Signal Generator 174 | -9/Mines | Entered Materials 174 | -8/Materials | Accompanied by 1 ally 174 | -8/Materials | Evolved 2 slots: Utility x2 238 | -8/Materials | Core integrity fell below 50% 245 | -8/Materials | Discovered new exit (range 13) 248 | -8/Materials | Core integrity fell below 20% 251 | -8/Materials | Entered Factory 251 | -7/Factory | Evolved 2 slots: Utility x2 277 | -7/Factory | Identified exit to DSF 278 | -7/Factory | Entered DSF 286 | -7/DSF | Discovered new exit (range 14) 293 | -7/DSF | Identified exit to Factory 293 | -7/DSF | Entered Factory 293 | -6/Factory | Evolved 2 slots: Utility x2 318 | -6/Factory | Build established: Mutant 365 | -6/Factory | Core integrity fell below 50% 378 | -6/Factory | Core integrity fell below 20% 389 | -6/Factory | Destroyed by H-66 Slayer with Gauss Rifle Last Messages --------------- 00356_ Acquired Nuclear Pulse Thruster. 00359_ K-01 Serf pushes G-50 Soldier. 00364_ K-01 Serf latches onto G-50 Soldier. 00364_ K-01 Serf pushes G-50 Soldier. 00366_ W-25 Informer sends out distress signal. 00367_ K-01 Serf pushes G-50 Soldier. 00367_ Slammed into W-25 Informer. 00368_ K-01 Serf pushes G-50 Soldier. 00368_ Slammed into W-25 Informer. 00368_ Destabilizing: System corrupted (+2). 00369_ K-01 Serf pushes G-50 Soldier. 00369_ Slammed into W-25 Informer. 00370_ Slammed into G-50 Soldier. 00376_ Slammed into S-27 Virus. 00376_ K-01 Serf latches onto G-50 Soldier. 00376_ K-01 Serf pushes G-50 Soldier. 00385_ Penetrated by Slug. 00385_ Slug penetrates Construction Platform. 00389_ Slug penetrates Wall. 00389_ Penetrated by Slug. Map ----- +----------------------------------------------------+ | ?????????????????????????????????????????????????? | | ?????????????????????????????????????????????????? | | ?????????????????????????????????????????????????? | | +????????? ??????????????????????????????????????? | | ????????? ??????????????????????????????????????? | | ????????? ??????????????????????????????????????? | | ????????? ??????????????????????????????????????? | | ????????# ??????????????????????????????????????? | | ????????# ??????????????????????????????????????? | | ????????# ??????????????????????????????????????? | | #???????# #?????????????????????????????????????? | | #???????# #?????????????????????????????????????? | | #???????# #?????????????????????????????????????? | | #???????# ###???????????????????????????????????? | | #???????+ +???????????????????????????????????? | | #???????# #????????????????????????????????????? | | ######### #######+##???????????????????????????? | | ##??????????????????????????? | | +??????????????????????????? | | # #???????????????????????????? | | # ######## #???????????????????????????? | | # +??????# #####+########??????????????? | | # #??????# #??????????????? | | # #??????# #??????????????? | | # #??????+ +??????????????? | | # #??????# """" @ #??????????????? | | # #??????# """" #??????????????? | | ? ???????# """" ######??????????????? | | ? ???????# """" #???????????????????? | | ? ???????# """" h #???????????????????? | | #????# """" h ????????????????? | | """" ?????????????? | | u ??????????????? | | ? ??? k#######?????????????? | | ???????##############+## #???????????????????? | | ???????????????????????###+###???????????????????? | | ?????????????????????????????????????????????????? | | ?????????????????????????????????????????????????? | | ?????????????????????????????????????????????????? | | ?????????????????????????????????????????????????? | | ?????????????????????????????????????????????????? | | ?????????????????????????????????????????????????? | | ?????????????????????????????????????????????????? | | ?????????????????????????????????????????????????? | | ?????????????????????????????????????????????????? | | ?????????????????????????????????????????????????? | | ?????????????????????????????????????????????????? | | ?????????????????????????????????????????????????? | | ?????????????????????????????????????????????????? | | ?????????????????????????????????????????????????? | +----------------------------------------------------+ Best States ------------- Heat Dissipation 37 Energy Generation 5 Energy Capacity 100 Matter Stores 237 Matter Capacity 300 Sight Range 16 Terrain Scan Density 10 Evasion (%) 50 Item Schematics ----------------- None Robot Schematics ------------------ None Fabricated ------------ Nothing Alien Tech Used ----------------- None Achievements -------------- None Challenges ------------ None Game ------ Seed GyrokineticGaussMeganuke Manual? 0 Play Time 00:07:05 Cumulative 96.3 hours Start 2023.04.12 @ 08:32:16 End 2023.04.12 @ 08:38:03 Sessions 1 Manual Loads 0 Difficulty Rogue Special Mode None Game No. 205 Rogue 205 Adventurer 0 Explorer 0 Win Type - Total 2 Types 2/0/0/0/0/0/0/0/0 Lore% 55 Gallery% 57 Achievement% 46 Wizard Run 0 Options --------- ASCII 0 Keyboard 0 Movement Numpad Keybinds 0 Fullscreen 1 Font 12/Smallcaps Map View 83x54 Tactical HUD 1 Map Filters NONE Filters NONE Steam 1 RUN: ed2c676c-6a7d-4f1e-97e6-fcff87f900a4